AoeStats
← 76561199495878758

MegaRandom

510534374Analyzed
4v4 RM · 1d ago on Oct 1, 2026· 45m 47s· 8 players
Game mode
Random Map
Map size
Large (8 player)
Population
200
Speed
Normal
Resources
Standard
Victory
Conquest
Starting age
Dark Age
Ending age
Imperial Age
RankedLock teamsTeams togetherTeam positionsShared explorationLock speedFull tech treeHidden civsTurbo modeCheats
Victory
Defeat
🇩🇪 Franks · Germany
878
+30
🇬🇧 Bulgarians · United Kingdom
873
+15
🇳🇴 Vikings · Norway
846
+16
🇹🇷 Huns · Türkiye
835
+16
🇦🇷 Tatars · Argentina
864
-16
🇨🇳 Saxons · China
853
-17
🇨🇳 Burgundians · China
844
-15
🇨🇳 Maya · China
821
-14
HighTowerM8
0:31 Loom
12:20 Feudal Age
12:47 Double-Bit Axe
13:13 Horse Collar
19:42 Castle Age
19:10 Wheelbarrow
19:15 Scale Mail Armor
19:31 Stone Mining
22:44 Heavy Plow
24:58 Hand Cart
30:32 Gold Mining
31:18 Stone Shaft Mining
32:00 Gold Shaft Mining
34:23 Imperial Age
33:14 Gambesons
33:30 Squires
33:15 Arson
33:44 Forging
33:49 Scale Barding Armor
34:44 Elite Konnik
36:16 Bow Saw
36:40 Crop Rotation
36:07 Fletching
36:53 Iron Casting
36:33 Chain Mail Armor
36:39 Chain Barding Armor
36:32 Bloodlines
36:22 Husbandry
36:37 Stirrups
37:03 Conscription
38:45 Blast Furnace
37:41 Bodkin Arrow
38:19 Plate Mail Armor
37:13 Light Cavalry
38:09 Town Watch
39:52 Chemistry
40:34 Masonry
42:59 Bagains
43:40 Bracer
44:16 Plate Barding Armor
Merginator44
11:21 Loom
11:28 Loom
14:34 Feudal Age
16:45 Horse Collar
22:53 Castle Age
21:57 Bloodlines
23:44 Pikeman
24:25 Squires
24:11 Arson
25:19 Husbandry
25:45 Murder Holes
31:56 Forging
33:02 Town Watch
34:46 Ballistics
36:07 Wheelbarrow
35:33 Town Patrol
37:50 Hand Cart
38:21 Iron Casting
37:53 Scale Barding Armor
41:57 Heavy Plow
44:48 Chain Barding Armor
44:50 Gold Mining
44:54 Stone Mining
48:34 Imperial Age
m4jest1cs
10:03 Feudal Age
10:29 Double-Bit Axe
12:30 Loom
19:03 Castle Age
17:36 Gold Mining
18:03 Fletching
22:01 Husbandry
23:07 Wheelbarrow
23:16 Bow Saw
28:51 Scale Barding Armor
28:56 Forging
30:33 Hand Cart
35:56 Imperial Age
33:13 Town Watch
34:26 Forging
34:37 Chain Barding Armor
34:13 Bodkin Arrow
35:58 Iron Casting
36:17 Gold Shaft Mining
35:33 Stone Mining
36:26 Padded Archer Armor
36:40 Cavalier
38:23 Blast Furnace
37:59 Plate Barding Armor
37:29 Town Patrol
40:04 Chivalry
40:25 Conscription
40:34 Conscription
40:14 Chivalry
46:34 Chemistry
45:55 Ballistics
45:31 Murder Holes
45:47 Masonry
45:43 Siege Engineers
Lænsmannj
11:10 Feudal Age
12:07 Double-Bit Axe
13:48 Man-at-Arms
16:06 Forging
18:48 Castle Age
16:34 Horse Collar
17:36 Loom
21:37 Bow Saw
24:06 Forging
24:32 Gold Mining
25:57 Scale Barding Armor
25:43 Fletching
26:03 Pikeman
26:54 Elite Skirmisher
29:58 Squires
30:06 Stone Mining
31:37 Chain Barding Armor
33:59 Iron Casting
34:43 Gold Shaft Mining
33:59 Long Swordsman
38:17 Imperial Age
35:56 Squires
36:29 Scale Mail Armor
37:23 Heavy Plow
37:22 Bodkin Arrow
37:46 Chain Mail Armor
37:55 Crossbowman
38:40 Bodkin Arrow
40:22 Two-Man Saw
39:58 Crop Rotation
38:52 Two-Handed Swordsman
39:46 Capped Ram
40:14 Arbalester
40:41 Champion
42:59 Bracer
43:59 Siege Ram
Facuxx26
0:31 Loom
14:00 Feudal Age
15:45 Wheelbarrow
20:39 Castle Age
19:20 Horse Collar
19:29 Double-Bit Axe
20:59 Stone Mining
23:34 Bloodlines
25:52 Forging
27:03 Scale Barding Armor
29:41 Pikeman
31:20 Iron Casting
34:06 Hand Cart
33:56 Gold Mining
36:09 Heavy Plow
38:49 Imperial Age
37:47 Bow Saw
40:53 Crop Rotation
40:53 Fortified Wall
40:51 Scale Mail Armor
41:15 Chain Barding Armor
41:16 Heavy Camel Rider
42:11 Heavy Cavalry Archer
43:42 Elite Keshik
44:57 Halberdier
wkn
4:45 Loom
10:27 Feudal Age
11:16 Double-Bit Axe
11:13 Horse Collar
19:35 Gold Mining
19:37 Stone Mining
22:44 Castle Age
24:15 Bow Saw
24:08 Heavy Plow
24:46 Stone Shaft Mining
30:17 Wheelbarrow
33:35 Imperial Age
31:28 Careening
31:13 Murder Holes
34:22 Imperial Age
32:38 Treadmill Crane
33:44 Squires
35:37 Crop Rotation
36:24 Two-Man Saw
35:25 Fletching
36:09 Caravan
37:22 Bodkin Arrow
37:28 Padded Archer Armor
38:09 Bracer
38:33 Conscription
38:13 Town Watch
39:02 Elite Plumed Archer
41:06 Hand Cart
42:09 Chemistry
41:33 Forging
41:24 Scale Mail Armor
40:48 Pikeman
44:05 Hul'che Javelineers
44:37 Holcans
44:32 Ballistics
44:23 Masonry
44:24 Fortified Wall
大哈巴犬
0:39 Loom
10:39 Feudal Age
18:45 Castle Age
20:06 Husbandry
22:04 Double-Bit Axe
22:02 Horse Collar
22:47 Bloodlines
29:33 Heavy Plow
32:40 Imperial Age
31:03 Bow Saw
31:50 Squires
31:52 Scale Mail Armor
34:06 Conscription
34:33 Wheelbarrow
35:13 Two-Man Saw
37:28 Chain Mail Armor
37:25 Forging
39:10 Plate Mail Armor
41:00 Iron Casting
43:07 Elite Varangian Guard
43:15 Elite Skirmisher
44:24 Padded Archer Armor
44:14 Fletching
44:23 Arson
45:13 Thumb Ring
76561199495878758
10:11 Feudal Age
12:26 Loom
13:26 Loom
14:15 Double-Bit Axe
15:18 Horse Collar
17:11 Heavy Plow
24:35 Castle Age
23:30 Wheelbarrow
25:04 Pikeman
26:06 Bow Saw
26:22 Husbandry
25:45 Cavalier
26:46 Guilds
28:13 Squires
30:04 Two-Man Saw
29:20 Caravan
29:15 Light Cavalry
30:08 Forging
30:05 Scale Barding Armor
31:00 Burgundian Vineyards
32:08 Hand Cart
40:56 Imperial Age
38:38 Gold Mining
38:41 Stone Mining
41:38 Iron Casting
41:02 Halberdier
44:20 Halberdier
46:10 Blast Furnace
45:32 Chain Barding Armor
Connection lost

Rejoining the realm…

Still unreachable

The connection could not be restored.

Session expired

The server has moved on; the page needs a fresh start.